Tamiflu vs Ice Dragons

Created - 2 janvier 2015 at 19:13

Goals
1 2 3 T
Tamiflu 3 2 3 8
Ice Dragons 1 2 0 3
Shots
1 2 3 T
Tamiflu 16 14 9 39
Ice Dragons 15 11 4 30

1st period

1. Tamiflu , Alex Picard 29 (Carson Mcmillan, Greg Mauldin) at 3:01
2. Tamiflu , Greg Mauldin 28 (Alex Picard) at 9:15
3. Tamiflu , Jordan Hendry 7 (Greg Mauldin, Alex Picard) at 11:37 (PP)
4. Ice Dragons , Jeff Tambellini 24 (Martin Hanzal) at 17:40

Penalties :
Jonathan Blum (Kin) for High sticking (Minor) at 11:22

2nd period

5. Ice Dragons , Nigel Dawes 10 (Jeff Tambellini, Jonathan Blum) at 8:02 (PP)
6. Ice Dragons , Cal Clutterbuck 20 (Jeff Tambellini, Boris Valabik) at 8:13
7. Tamiflu , Greg Mauldin 29 (Alex Picard) at 8:19
8. Tamiflu , Greg Mauldin 30 (Alex Picard, Petr Pohl) at 14:47

Penalties :
Mats Zuccarello (Kin) for Hooking (Minor) at 4:04, Nathan Oystrick (Det) for Holding (Minor) at 7:19

3rd period

9. Tamiflu , Jordan Hendry 8 (Alex Picard, Greg Mauldin) at 4:27 (PP)
10. Tamiflu , Greg Mauldin 31 (Alex Picard, Jonathan Sigalet) at 4:35
11. Tamiflu , Greg Mauldin 32 (Carson Mcmillan) at 6:07

Penalties :
Cal Clutterbuck (Kin) for Diving (Minor) at 0:44, Shean Donovan (Kin) for Interference (Minor) at 4:23, Carson Mcmillan (Det) for Hooking (Minor) at 6:30, Garrett Wilson (Det) for Holding (Minor) at 15:24

Goalie Stats

Mike McKenna (Det), 27 saves from 30 shots - (0,900), W, 14-10-2, 60:00 minutes
Anders Nilsson (Kin), 1 saves from 1 shots - (1,000), 13:53 minutes
Justin Pogge (Kin), 30 saves from 38 shots - (0,789), L, 10-7-5, 46:07 minutes

Players Stats for Tamiflu

Player Name              G  A  P  +/- PIM S  H  SB GA TA FO     MP     PP MP  PK MP  
------------------------------------------------------------------------------------
Adam Henrique            0  0  0  -1  0   5  0  0  1  1  8/12   15:26   1:56   0:00 
Alex Picard              1  6  7   5  0   4  3  0  0  0  1/5    21:57   2:21   2:29 
Ben Hanowski             0  0  0   0  0   1  3  0  0  0  0/0     8:37   0:00   0:00 
Carson Mcmillan          0  2  2   5  2   2  4  0  0  1  0/2    20:04   2:21   0:35 
Casey Wellman            0  0  0   0  0   0  3  0  0  0  0/2    13:03   0:00   1:17 
Cody Goloubef            0  0  0   0  0   0  0  1  0  1  0/0     6:41   0:00   0:00 
Garrett Wilson           0  0  0   0  2   0  0  0  0  1  0/0     9:01   0:00   0:20 
Greg Mauldin             5  3  8   5  0   11 3  2  0  0  17/31  21:57   2:21   2:29 
Jan Mursak               0  0  0  -1  0   0  0  1  0  0  0/0    15:26   1:56   0:00 
Johan Fransson           0  0  0  -2  0   1  0  1  0  0  0/0    17:26   1:29   1:36 
Jonathan Sigalet         0  1  1   4  0   4  2  1  1  0  0/0    25:11   2:48   3:05 
Jordan Hendry            2  0  2   4  0   2  0  1  0  0  0/0    25:11   2:48   3:05 
Kyle Lawson              0  0  0   2  0   1  0  0  0  0  0/0    10:42   0:00   0:00 
Mike Duco                0  0  0   0  0   4  0  0  1  0  0/0    11:43   0:00   0:00 
Nathan Oystrick          0  0  0  -2  2   1  4  1  1  0  0/0    17:25   1:29   1:36 
Petr Pohl                0  1  1  -1  0   2  2  1  1  0  0/0    16:36   1:56   1:10 
Philip Samuelsson        0  0  0   2  0   0  2  0  0  1  0/0    10:42   0:00   0:00 
Philippe Dupuis          0  0  0   0  0   0  0  0  0  0  1/2     8:59   0:00   0:20 
Rich Clune               0  0  0   0  0   1  1  0  0  1  0/1    12:28   0:00   0:42 
Stefan Elliott           0  0  0   0  0   0  0  0  0  0  0/0     0:00   0:00   0:00 
Teemu Laakso             0  0  0   0  0   0  1  1  0  0  0/0     6:41   0:00   0:00 
Teigan Zahn              0  0  0   0  0   0  0  0  0  0  0/0     0:00   0:00   0:00 

Players Stats for Ice Dragons

Player Name              G  A  P  +/- PIM S  H  SB GA TA FO     MP     PP MP  PK MP  
------------------------------------------------------------------------------------
Boris Valabik            0  1  1   0  0   0  4  4  1  0  0/0    23:42   2:33   2:27 
Brad Staubitz            0  0  0  -1  0   1  0  0  0  0  0/0     9:41   0:20   0:00 
Brayden McNabb           0  0  0   1  0   0  0  0  0  0  0/0     7:06   0:00   0:00 
Cal Clutterbuck          1  0  1  -2  2   4  3  0  0  0  1/2    20:24   2:27   0:19 
Danny Syvret             0  0  0  -5  0   0  0  1  2  0  0/0    19:42   2:08   1:50 
Eric Mestery             0  0  0   1  0   1  0  0  0  0  0/0     7:06   0:00   0:00 
Jeff Tambellini          1  2  3  -2  0   3  2  0  0  0  0/1    20:58   1:54   1:42 
Jonathan Blum            0  1  1   0  2   1  1  0  0  0  0/0    13:03   2:08   0:00 
Kevin Klein              0  0  0   0  0   0  1  1  0  1  0/0    23:42   2:33   2:27 
Kris Beech               0  0  0  -1  0   0  2  1  0  0  5/11   15:03   2:14   0:18 
Marc-Antoine Pouliot     0  0  0  -1  0   1  0  0  0  0  2/2     9:20   0:00   0:00 
Martin Hanzal            0  1  1  -2  0   1  1  1  0  0  13/29  20:05   2:27   0:00 
Mats Zuccarello          0  0  0  -1  2   1  1  0  0  1  0/0    15:21   2:27   0:00 
Matt Walker              0  0  0  -5  0   4  0  0  0  1  0/0    16:08   0:00   1:50 
Nigel Dawes              1  0  1   0  0   4  1  0  1  0  0/0    14:01   2:14   0:11 
Niklas Sundstrom         0  0  0  -1  0   1  1  0  1  0  3/4    14:44   0:00   2:24 
Patrick O'Sullivan       0  0  0   0  0   2  3  1  0  0  4/5    11:32   0:00   0:00 
Shean Donovan            0  0  0   0  2   2  1  2  1  0  0/0    13:53   0:00   2:22 
Tim Kennedy              0  0  0  -1  0   4  0  0  0  0  0/1    10:38   0:00   1:18 
Tyler Eckford            0  0  0   0  0   0  0  0  0  2  0/0     9:30   0:00   0:00 

3 Stars

1 - Greg Mauldin (Det)
2 - Alex Picard (Det)
3 - Jordan Hendry (Det)

Power Play

Tamiflu - 2 on 4 Attempt(s) - 50,00%
Ice Dragons - 1 on 3 Attempt(s) - 33,33%

Penalty Kill

Tamiflu - 2 on 3 Attempt(s) - 66,67% - Score 0 goal in Penalty Kill
Ice Dragons - 2 on 4 Attempt(s) - 50,00% - Score 0 goal in Penalty Kill

Official

Referees : Dwyer Gord and Hebert Ghislain
Linesman : Darren Gibbs and Tim Nowak

Game Notes

Greg Mauldin has scored a Hat Trick!
Anders Nilsson enters game at 6:07 of 3rd period

Finance

Level 1 -- Attendance: 1591 (79,55%) -- Ticket Income 55 685 $
Level 2 -- Attendance: 706 (70,60%) -- Ticket Income 10 590 $
Total Attendance: 2297 (76,57%)
Total Ticket Income: 66 275 $
Other Income: 3 314 $
Total Income: 69 589 $

Tamiflu

5 vs 5 Forward 
   Center                   Left Wing                Right Wing               Time % Phy DF OF 
 1 Greg Mauldin             Alex Picard              Carson Mcmillan          40     1   2  2  
 2 Adam Henrique            Jan Mursak               Petr Pohl                30     1   2  2  
 3 Casey Wellman            Rich Clune               Mike Duco                20     1   2  2  
 4 Philippe Dupuis          Garrett Wilson           Ben Hanowski             10     1   2  2  

5 vs 5 Defense 
   Defense                  Defense                                           Time % Phy DF OF 
 1 Jonathan Sigalet         Jordan Hendry                                     40     1   2  2  
 2 Nathan Oystrick          Johan Fransson                                    30     1   2  2  
 3 Kyle Lawson              Philip Samuelsson                                 20     1   2  2  
 4 Cody Goloubef            Teemu Laakso                                      10     1   2  2  

PowerPlay Forward 
   Center                   Left Wing                Right Wing               Time % Phy DF OF 
 1 Greg Mauldin             Alex Picard              Carson Mcmillan          60     1   2  2  
 2 Adam Henrique            Jan Mursak               Petr Pohl                40     1   2  2  

PowerPlay Defense
   Defense                  Defense                                           Time % Phy DF OF 
 1 Jonathan Sigalet         Jordan Hendry                                     60     1   2  2  
 2 Nathan Oystrick          Johan Fransson                                    40     1   2  2  

Penalty Kill 4 Players Forward 
   Center                   Wing                     Time % Phy DF OF 
 1 Alex Picard              Greg Mauldin             60     1   2  2  
 2 Carson Mcmillan          Petr Pohl                40     1   2  2  

Penalty Kill 4 Players Defense
   Defense                  Defense                  Time % Phy DF OF 
 1 Jonathan Sigalet         Jordan Hendry            60     1   2  2  
 2 Nathan Oystrick          Johan Fransson           40     1   2  2  

Penalty Kill - 3 Players Forward 
   Forward                                           Time % Phy DF OF 
 1 Alex Picard                                       60     1   2  2  
 2 Greg Mauldin                                      40     1   2  2  

Penalty Kill - 3 Players Defense
   Defense                  Defense                  Time % Phy DF OF 
 1 Jonathan Sigalet         Jordan Hendry            60     1   2  2  
 2 Nathan Oystrick          Johan Fransson           40     1   2  2  

4 vs 4 Forward 
   Center                   Wing                     Time % Phy DF OF 
 1 Alex Picard              Greg Mauldin             60     1   2  2  
 2 Carson Mcmillan          Petr Pohl                40     1   2  2  

4 vs 4 Defense
   Defense                  Defense                  Time % Phy DF OF 
 1 Jonathan Sigalet         Jordan Hendry            60     1   2  2  
 2 Nathan Oystrick          Johan Fransson           40     1   2  2  

Last Minutes Offensive
   Center                   Left Wing                Right Wing               Defense                  Defense                  
   Greg Mauldin             Alex Picard              Carson Mcmillan          Jonathan Sigalet         Jordan Hendry            

Last Minutes Defensive
   Center                   Left Wing                Right Wing               Defense                  Defense                  
   Greg Mauldin             Alex Picard              Carson Mcmillan          Jonathan Sigalet         Jordan Hendry            

Goaltenders
Starting : Mike McKenna             
Backup : Thomas Greiss            

Extra Forwards
Normal : Mike Duco, Ben Hanowski, Casey Wellman - PP : Mike Duco, Ben Hanowski - PK : Casey Wellman
Extra Defensemen
Normal : Kyle Lawson, Philip Samuelsson, Cody Goloubef - PP : Kyle Lawson - PK : Philip Samuelsson, Cody Goloubef
Penalty Shots
Alex Picard, Greg Mauldin, Carson Mcmillan, Petr Pohl, Adam Henrique

Ice Dragons

5 vs 5 Forward 
   Center                   Left Wing                Right Wing               Time % Phy DF OF 
 1 Martin Hanzal            Jeff Tambellini          Cal Clutterbuck          40     1   1  3  
 2 Kris Beech               Mats Zuccarello          Niklas Sundstrom         30     1   1  3  
 3 Patrick O'Sullivan       Nigel Dawes              Shean Donovan            20     2   1  2  
 4 Marc-Antoine Pouliot     Tim Kennedy              Brad Staubitz            10     0   3  2  

5 vs 5 Defense 
   Defense                  Defense                                           Time % Phy DF OF 
 1 Boris Valabik            Kevin Klein                                       40     0   3  2  
 2 Matt Walker              Danny Syvret                                      30     2   2  1  
 3 Tyler Eckford            Jonathan Blum                                     20     2   2  1  
 4 Brayden McNabb           Eric Mestery                                      10     2   3  0  

PowerPlay Forward 
   Center                   Left Wing                Right Wing               Time % Phy DF OF 
 1 Martin Hanzal            Mats Zuccarello          Cal Clutterbuck          60     1   1  3  
 2 Kris Beech               Nigel Dawes              Jeff Tambellini          40     1   1  3  

PowerPlay Defense
   Defense                  Defense                                           Time % Phy DF OF 
 1 Boris Valabik            Kevin Klein                                       60     1   1  3  
 2 Jonathan Blum            Danny Syvret                                      40     1   1  3  

Penalty Kill 4 Players Forward 
   Center                   Wing                     Time % Phy DF OF 
 1 Niklas Sundstrom         Shean Donovan            60     1   4  0  
 2 Jeff Tambellini          Cal Clutterbuck          40     1   4  0  

Penalty Kill 4 Players Defense
   Defense                  Defense                  Time % Phy DF OF 
 1 Boris Valabik            Kevin Klein              60     1   4  0  
 2 Matt Walker              Danny Syvret             40     1   4  0  

Penalty Kill - 3 Players Forward 
   Forward                                           Time % Phy DF OF 
 1 Cal Clutterbuck                                   60     1   4  0  
 2 Shean Donovan                                     40     1   4  0  

Penalty Kill - 3 Players Defense
   Defense                  Defense                  Time % Phy DF OF 
 1 Boris Valabik            Kevin Klein              60     1   4  0  
 2 Matt Walker              Danny Syvret             40     1   4  0  

4 vs 4 Forward 
   Center                   Wing                     Time % Phy DF OF 
 1 Martin Hanzal            Niklas Sundstrom         60     1   3  1  
 2 Patrick O'Sullivan       Kris Beech               40     1   3  1  

4 vs 4 Defense
   Defense                  Defense                  Time % Phy DF OF 
 1 Boris Valabik            Kevin Klein              60     1   3  1  
 2 Matt Walker              Danny Syvret             40     1   3  1  

Last Minutes Offensive
   Center                   Left Wing                Right Wing               Defense                  Defense                  
   Martin Hanzal            Jeff Tambellini          Cal Clutterbuck          Boris Valabik            Kevin Klein              

Last Minutes Defensive
   Center                   Left Wing                Right Wing               Defense                  Defense                  
   Jeff Tambellini          Cal Clutterbuck          Shean Donovan            Matt Walker              Kevin Klein              

Goaltenders
Starting : Justin Pogge             
Backup : Anders Nilsson           

Extra Forwards
Normal : Cal Clutterbuck, Mats Zuccarello, Nigel Dawes - PP : Cal Clutterbuck, Mats Zuccarello - PK : Tim Kennedy
Extra Defensemen
Normal : Tyler Eckford, Jonathan Blum, Brayden McNabb - PP : Tyler Eckford - PK : Jonathan Blum, Brayden McNabb
Penalty Shots
Martin Hanzal, Niklas Sundstrom, Jeff Tambellini, Kris Beech, Shean Donovan

% Time on Ice - Tamiflu

Lines # - Real PCT - Wanted PCT - Time Play
Normal Forward
1 - 34% - 40% - 17:12
2 - 26% - 30% - 13:30
3 - 23% - 20% - 11:43
4 - 17% - 10% - 8:37
Normal Defense
1 - 38% - 40% - 19:18
2 - 28% - 30% - 14:21
3 - 21% - 20% - 10:42
4 - 13% - 10% - 6:41
PP Forward
1 - 55% - 60% - 2:21
2 - 45% - 40% - 1:56
PP Defense
1 - 65% - 60% - 2:48
2 - 35% - 40% - 1:29
PK Forward
1 - 75% - 60% - 3:31
2 - 25% - 40% - 1:10
PK Defense
1 - 66% - 60% - 3:05
2 - 34% - 40% - 1:36
PK3 Forward
1 - 0% - 60%
2 - 0% - 40%
PK3 Defense
1 - 0% - 60%
2 - 0% - 40%
44 Forward
1 - 0% - 60%
2 - 0% - 40%
44 Defense
1 - 0% - 60%
2 - 0% - 40%
Last Minute Offensive  - 0:00
Last Minute Defensive  - 0:00
Total
Forward - 60:00
Defense - 60:00

% Time on Ice - Ice Dragons

Lines # - Real PCT - Wanted PCT - Time Play
Normal Forward
1 - 35% - 40% - 17:46
2 - 24% - 30% - 12:24
3 - 23% - 20% - 11:32
4 - 18% - 10% - 9:20
Normal Defense
1 - 37% - 40% - 18:42
2 - 31% - 30% - 15:44
3 - 19% - 20% - 9:30
4 - 14% - 10% - 7:06
PP Forward
1 - 52% - 60% - 2:27
2 - 48% - 40% - 2:14
PP Defense
1 - 54% - 60% - 2:33
2 - 46% - 40% - 2:08
PK Forward
1 - 82% - 60% - 3:31
2 - 18% - 40% - 0:46
PK Defense
1 - 57% - 60% - 2:27
2 - 43% - 40% - 1:50
PK3 Forward
1 - 0% - 60%
2 - 0% - 40%
PK3 Defense
1 - 0% - 60%
2 - 0% - 40%
44 Forward
1 - 0% - 60%
2 - 0% - 40%
44 Defense
1 - 0% - 60%
2 - 0% - 40%
Last Minute Offensive  - 0:00
Last Minute Defensive  - 0:00
Total
Forward - 60:00
Defense - 60:00

Play by Play

1st period


0:01 of 1st period - Greg Mauldin wins face-off versus Martin Hanzal in neutral zone.
1:02 of 1st period - Snap shot by Mike Duco.
1:02 of 1st period - Stopped by Justin Pogge with a rebound.
1:12 of 1st period - Slapshot by Nigel Dawes.
1:12 of 1st period - Deflect By Nathan Oystrick.
1:12 of 1st period - Shot Hit the Post.
1:12 of 1st period - Puck is out of play.
1:13 of 1st period - Patrick O'Sullivan wins face-off versus Philippe Dupuis in Tamiflu zone.
1:26 of 1st period - Slapshot by Nathan Oystrick.
1:26 of 1st period - Stopped by Justin Pogge without a rebound.
1:27 of 1st period - Martin Hanzal wins face-off versus Greg Mauldin in Ice Dragons zone.
1:27 of 1st period - Martin Hanzal is hit by Carson Mcmillan.
1:52 of 1st period - Philip Samuelsson is hit by Niklas Sundstrom and loses puck.
1:57 of 1st period - Snap shot by Niklas Sundstrom.
1:57 of 1st period - Stopped by Mike McKenna with a rebound.
2:13 of 1st period - Backhand shot by Nigel Dawes.
2:13 of 1st period - Stopped by Mike McKenna with a rebound.
2:15 of 1st period - Slapshot by Jonathan Blum.
2:15 of 1st period - Shot Misses the Net.
2:21 of 1st period - Slapshot by Nigel Dawes.
2:21 of 1st period - Shot Misses the Net.
2:31 of 1st period - Boris Valabik is hit by Philip Samuelsson and loses puck.
3:01 of 1st period - Wrist shot by Alex Picard.
3:01 of 1st period - Goal by Alex Picard - Tamiflu : 1 - Ice Dragons : 0.
3:02 of 1st period - Greg Mauldin wins face-off versus Cal Clutterbuck in neutral zone.
3:15 of 1st period - Wrist shot by Alex Picard.
3:15 of 1st period - Stopped by Justin Pogge without a rebound.
3:16 of 1st period - Kris Beech wins face-off versus Adam Henrique in Ice Dragons zone.
3:16 of 1st period - Kris Beech is hit by Nathan Oystrick.
3:51 of 1st period - Snap shot by Greg Mauldin.
3:51 of 1st period - Shot Misses the Net.
4:03 of 1st period - Casey Wellman is hit by Jonathan Blum.
5:14 of 1st period - Slapshot by Martin Hanzal.
5:14 of 1st period - Deflect By Carson Mcmillan.
5:14 of 1st period - Stopped by Mike McKenna with a rebound.
5:16 of 1st period - Snap shot by Cal Clutterbuck.
5:16 of 1st period - Stopped by Mike McKenna with a rebound.
5:18 of 1st period - Snap shot by Eric Mestery.
5:18 of 1st period - Shot Misses the Net.
5:20 of 1st period - Slapshot by Eric Mestery.
5:20 of 1st period - Shot Misses the Net.
5:30 of 1st period - Kevin Klein is hit by Nathan Oystrick and loses puck.
6:30 of 1st period - Slapshot by Alex Picard.
6:30 of 1st period - Deflect By Greg Mauldin.
6:30 of 1st period - Shot Blocked by Kris Beech.
6:30 of 1st period - Puck is out of play.
6:31 of 1st period - Greg Mauldin wins face-off versus Martin Hanzal in Ice Dragons zone.
7:12 of 1st period - Icing by Matt Walker.
7:13 of 1st period - Kris Beech wins face-off versus Casey Wellman in Ice Dragons zone.
7:40 of 1st period - Boris Valabik is hit by Alex Picard and loses puck.
8:36 of 1st period - Slapshot by Kyle Lawson.
8:36 of 1st period - Shot Blocked by Patrick O'Sullivan.
8:58 of 1st period - Slapshot by Mike Duco.
8:58 of 1st period - Stopped by Justin Pogge without a rebound.
8:59 of 1st period - Martin Hanzal wins face-off versus Greg Mauldin in Ice Dragons zone.
8:59 of 1st period - Martin Hanzal is hit by Jonathan Sigalet.
9:07 of 1st period - Snap shot by Alex Picard.
9:07 of 1st period - Deflect By Greg Mauldin.
9:07 of 1st period - Stopped by Justin Pogge with a rebound.
9:09 of 1st period - Wrist shot by Alex Picard.
9:09 of 1st period - Deflect By Carson Mcmillan.
9:09 of 1st period - Stopped by Justin Pogge without a rebound.
9:10 of 1st period - Greg Mauldin wins face-off versus Martin Hanzal in Ice Dragons zone.
9:15 of 1st period - Backhand shot by Greg Mauldin.
9:15 of 1st period - Goal by Greg Mauldin - Tamiflu : 2 - Ice Dragons : 0.
9:16 of 1st period - Greg Mauldin wins face-off versus Jeff Tambellini in neutral zone.
9:29 of 1st period - Slapshot by Carson Mcmillan.
9:29 of 1st period - Shot Misses the Net.
9:41 of 1st period - Jordan Hendry is hit by Patrick O'Sullivan and loses puck.
9:52 of 1st period - Wrist shot by Nigel Dawes.
9:52 of 1st period - Stopped by Mike McKenna with a rebound.
9:54 of 1st period - Slapshot by Kevin Klein.
9:54 of 1st period - Shot Misses the Net.
10:26 of 1st period - Snap shot by Ben Hanowski.
10:26 of 1st period - Shot Misses the Net.
10:43 of 1st period - Icing by Tyler Eckford.
10:44 of 1st period - Marc-Antoine Pouliot wins face-off versus Greg Mauldin in Ice Dragons zone.
10:57 of 1st period - Wrist shot by Brad Staubitz.
10:57 of 1st period - Shot Blocked by Greg Mauldin.
11:22 of 1st period - Minor Penalty to Jonathan Blum for High sticking.
11:23 of 1st period - Niklas Sundstrom wins face-off versus Greg Mauldin in Ice Dragons zone.
11:33 of 1st period - Slapshot by Alex Picard.
11:33 of 1st period - Shot Blocked by Boris Valabik.
11:35 of 1st period - Snap shot by Greg Mauldin.
11:35 of 1st period - Shot Blocked by Shean Donovan.
11:37 of 1st period - Slapshot by Jordan Hendry.
11:37 of 1st period - Goal by Jordan Hendry - Tamiflu : 3 - Ice Dragons : 0.
11:38 of 1st period - Greg Mauldin wins face-off versus Martin Hanzal in neutral zone.
11:41 of 1st period - Snap shot by Greg Mauldin.
11:41 of 1st period - Shot Misses the Net.
11:43 of 1st period - Wrist shot by Greg Mauldin.
11:43 of 1st period - Shot Blocked by Boris Valabik.
12:25 of 1st period - Icing by Mike Duco.
12:26 of 1st period - Patrick O'Sullivan wins face-off versus Casey Wellman in Tamiflu zone.
12:41 of 1st period - Snap shot by Mike Duco.
12:41 of 1st period - Shot Blocked by Boris Valabik.
13:33 of 1st period - Wrist shot by Petr Pohl.
13:33 of 1st period - Shot Misses the Net.
13:35 of 1st period - Wrist shot by Jan Mursak.
13:35 of 1st period - Shot Misses the Net.
13:37 of 1st period - Slapshot by Kyle Lawson.
13:37 of 1st period - Stopped by Justin Pogge with a rebound.
13:53 of 1st period - Wrist shot by Greg Mauldin.
13:53 of 1st period - Stopped by Justin Pogge with a rebound.
13:57 of 1st period - Slapshot by Alex Picard.
13:57 of 1st period - Shot Misses the Net.
13:59 of 1st period - Wrist shot by Greg Mauldin.
13:59 of 1st period - Stopped by Justin Pogge with a rebound.
14:01 of 1st period - Slapshot by Carson Mcmillan.
14:01 of 1st period - Shot Misses the Net.
14:03 of 1st period - Slapshot by Greg Mauldin.
14:03 of 1st period - Shot Misses the Net.
14:41 of 1st period - Slapshot by Mats Zuccarello.
14:41 of 1st period - Stopped by Mike McKenna without a rebound.
14:42 of 1st period - Greg Mauldin wins face-off versus Martin Hanzal in Tamiflu zone.
15:21 of 1st period - Off-side.
15:22 of 1st period - Adam Henrique wins face-off versus Martin Hanzal in neutral zone.
15:29 of 1st period - Slapshot by Adam Henrique.
15:29 of 1st period - Shot Misses the Net.
15:31 of 1st period - Snap shot by Jan Mursak.
15:31 of 1st period - Shot Misses the Net.
15:35 of 1st period - Snap shot by Adam Henrique.
15:35 of 1st period - Shot Blocked by Boris Valabik.
15:55 of 1st period - Slapshot by Mike Duco.
15:55 of 1st period - Stopped by Justin Pogge with a rebound.
15:57 of 1st period - Slapshot by Kyle Lawson.
15:57 of 1st period - Shot Misses the Net.
16:09 of 1st period - Slapshot by Shean Donovan.
16:09 of 1st period - Stopped by Mike McKenna with a rebound.
16:11 of 1st period - Snap shot by Patrick O'Sullivan.
16:11 of 1st period - Stopped by Mike McKenna without a rebound.
16:12 of 1st period - Patrick O'Sullivan wins face-off versus Carson Mcmillan in Tamiflu zone.
16:21 of 1st period - Snap shot by Patrick O'Sullivan.
16:21 of 1st period - Shot Misses the Net.
16:23 of 1st period - Wrist shot by Patrick O'Sullivan.
16:23 of 1st period - Shot Misses the Net.
16:25 of 1st period - Snap shot by Shean Donovan.
16:25 of 1st period - Deflect By Patrick O'Sullivan.
16:25 of 1st period - Stopped by Mike McKenna with a rebound.
16:27 of 1st period - Snap shot by Shean Donovan.
16:27 of 1st period - Shot Misses the Net.
16:39 of 1st period - Jeff Tambellini is hit by Petr Pohl and loses puck.
16:46 of 1st period - Wrist shot by Adam Henrique.
16:46 of 1st period - Stopped by Justin Pogge with a rebound.
17:00 of 1st period - Slapshot by Tim Kennedy.
17:00 of 1st period - Shot Misses the Net.
17:02 of 1st period - Snap shot by Matt Walker.
17:02 of 1st period - Stopped by Mike McKenna with a rebound.
17:04 of 1st period - Backhand shot by Matt Walker.
17:04 of 1st period - Stopped by Mike McKenna with a rebound.
17:06 of 1st period - Slapshot by Matt Walker.
17:06 of 1st period - Stopped by Mike McKenna without a rebound.
17:07 of 1st period - Marc-Antoine Pouliot wins face-off versus Greg Mauldin in Tamiflu zone.
17:16 of 1st period - Wrist shot by Tim Kennedy.
17:16 of 1st period - Shot Misses the Net.
17:36 of 1st period - Snap shot by Tim Kennedy.
17:36 of 1st period - Stopped by Mike McKenna with a rebound.
17:38 of 1st period - Slapshot by Eric Mestery.
17:38 of 1st period - Stopped by Mike McKenna without a rebound.
17:39 of 1st period - Martin Hanzal wins face-off versus Greg Mauldin in Tamiflu zone.
17:40 of 1st period - Wrist shot by Jeff Tambellini.
17:40 of 1st period - Goal by Jeff Tambellini - Tamiflu : 3 - Ice Dragons : 1.
17:41 of 1st period - Martin Hanzal wins face-off versus Greg Mauldin in neutral zone.
18:23 of 1st period - Jonathan Sigalet is hit by Patrick O'Sullivan and loses puck.
18:30 of 1st period - Carson Mcmillan is hit by Nigel Dawes and loses puck.
18:47 of 1st period - Snap shot by Greg Mauldin.
18:47 of 1st period - Deflect By Alex Picard.
18:47 of 1st period - Stopped by Justin Pogge with a rebound.
18:58 of 1st period - Off-side.
18:59 of 1st period - Adam Henrique wins face-off versus Martin Hanzal in neutral zone.
19:09 of 1st period - Wrist shot by Jeff Tambellini.
19:09 of 1st period - Shot Misses the Net.
19:41 of 1st period - Icing by Mats Zuccarello.
19:42 of 1st period - Philippe Dupuis wins face-off versus Kris Beech in Ice Dragons zone.
19:43 of 1st period - Snap shot by Nathan Oystrick.
19:43 of 1st period - Deflect By Adam Henrique.
19:43 of 1st period - Stopped by Justin Pogge without a rebound.
19:44 of 1st period - Adam Henrique wins face-off versus Martin Hanzal in Ice Dragons zone.
Goals for this period are 3 for Tamiflu vs 1 for Ice Dragons.
Shots for this period are 16 for Tamiflu vs 15 for Ice Dragons.

2nd period


0:01 of 2nd period - Adam Henrique wins face-off versus Martin Hanzal in neutral zone.
0:32 of 2nd period - Kevin Klein is hit by Carson Mcmillan and loses puck.
0:49 of 2nd period - Jordan Hendry is hit by Shean Donovan and loses puck.
1:34 of 2nd period - Wrist shot by Adam Henrique.
1:34 of 2nd period - Stopped by Justin Pogge with a rebound.
1:36 of 2nd period - Slapshot by Jonathan Sigalet.
1:36 of 2nd period - Shot Blocked by Martin Hanzal.
1:50 of 2nd period - Slapshot by Alex Picard.
1:50 of 2nd period - Shot Misses the Net.
1:52 of 2nd period - Slapshot by Philip Samuelsson.
1:52 of 2nd period - Deflect By Greg Mauldin.
1:52 of 2nd period - Shot Misses the Net.
1:52 of 2nd period - Puck is out of play.
1:53 of 2nd period - Kris Beech wins face-off versus Greg Mauldin in Ice Dragons zone.
3:05 of 2nd period - Wrist shot by Tim Kennedy.
3:05 of 2nd period - Stopped by Mike McKenna with a rebound.
3:07 of 2nd period - Snap shot by Tim Kennedy.
3:07 of 2nd period - Stopped by Mike McKenna with a rebound.
3:09 of 2nd period - Wrist shot by Brad Staubitz.
3:09 of 2nd period - Shot Blocked by Cody Goloubef.
3:11 of 2nd period - Wrist shot by Tim Kennedy.
3:11 of 2nd period - Stopped by Mike McKenna with a rebound.
3:23 of 2nd period - Philippe Dupuis is hit by Patrick O'Sullivan and loses puck.
3:30 of 2nd period - Wrist shot by Shean Donovan.
3:30 of 2nd period - Shot Blocked by Teemu Laakso.
3:34 of 2nd period - Slapshot by Shean Donovan.
3:34 of 2nd period - Stopped by Mike McKenna without a rebound.
3:35 of 2nd period - Kris Beech wins face-off versus Greg Mauldin in Tamiflu zone.
4:04 of 2nd period - Minor Penalty to Mats Zuccarello for Hooking.
4:05 of 2nd period - Niklas Sundstrom wins face-off versus Greg Mauldin in Ice Dragons zone.
6:04 of 2nd period - Penalty to Mats Zuccarello is over, Mats Zuccarello is back on ice.
6:17 of 2nd period - Kevin Klein is hit by Philip Samuelsson.
7:07 of 2nd period - Wrist shot by Tim Kennedy.
7:07 of 2nd period - Deflect By Brad Staubitz.
7:07 of 2nd period - Stopped by Mike McKenna with a rebound.
7:13 of 2nd period - Snap shot by Marc-Antoine Pouliot.
7:13 of 2nd period - Shot Blocked by Johan Fransson.
7:19 of 2nd period - Minor Penalty to Nathan Oystrick for Holding.
7:20 of 2nd period - Martin Hanzal wins face-off versus Alex Picard in Tamiflu zone.
7:41 of 2nd period - Alex Picard is hit by Mats Zuccarello and loses puck.
7:58 of 2nd period - Snap shot by Nigel Dawes.
7:58 of 2nd period - Stopped by Mike McKenna with a rebound.
8:00 of 2nd period - Slapshot by Jonathan Blum.
8:00 of 2nd period - Stopped by Mike McKenna with a rebound.
8:02 of 2nd period - Wrist shot by Jeff Tambellini.
8:02 of 2nd period - Deflect By Nigel Dawes.
8:02 of 2nd period - Goal by Nigel Dawes - Tamiflu : 3 - Ice Dragons : 2.
8:03 of 2nd period - Martin Hanzal wins face-off versus Adam Henrique in neutral zone.
8:06 of 2nd period - Petr Pohl is hit by Cal Clutterbuck and loses puck.
8:11 of 2nd period - Wrist shot by Jeff Tambellini.
8:11 of 2nd period - Shot Blocked by Jan Mursak.
8:13 of 2nd period - Wrist shot by Cal Clutterbuck.
8:13 of 2nd period - Goal by Cal Clutterbuck - Tamiflu : 3 - Ice Dragons : 3.
8:14 of 2nd period - Greg Mauldin wins face-off versus Martin Hanzal in neutral zone.
8:17 of 2nd period - Snap shot by Alex Picard.
8:17 of 2nd period - Shot Misses the Net.
8:19 of 2nd period - Wrist shot by Greg Mauldin.
8:19 of 2nd period - Goal by Greg Mauldin - Tamiflu : 4 - Ice Dragons : 3.
8:20 of 2nd period - Greg Mauldin wins face-off versus Martin Hanzal in neutral zone.
8:25 of 2nd period - Wrist shot by Alex Picard.
8:25 of 2nd period - Stopped by Justin Pogge without a rebound.
8:26 of 2nd period - Greg Mauldin wins face-off versus Martin Hanzal in Ice Dragons zone.
8:32 of 2nd period - Wrist shot by Greg Mauldin.
8:32 of 2nd period - Shot Blocked by Danny Syvret.
8:34 of 2nd period - Snap shot by Greg Mauldin.
8:34 of 2nd period - Deflect By Carson Mcmillan.
8:34 of 2nd period - Stopped by Justin Pogge with a rebound.
8:36 of 2nd period - Slapshot by Jonathan Sigalet.
8:36 of 2nd period - Stopped by Justin Pogge without a rebound.
8:37 of 2nd period - Greg Mauldin wins face-off versus Kris Beech in Ice Dragons zone.
8:42 of 2nd period - Wrist shot by Greg Mauldin.
8:42 of 2nd period - Stopped by Justin Pogge with a rebound.
8:44 of 2nd period - Wrist shot by Greg Mauldin.
8:44 of 2nd period - Shot Misses the Net.
9:24 of 2nd period - Nathan Oystrick is hit by Jeff Tambellini and loses puck.
9:53 of 2nd period - Matt Walker is hit by Ben Hanowski and loses puck.
10:28 of 2nd period - Snap shot by Cal Clutterbuck.
10:28 of 2nd period - Shot Misses the Net.
10:30 of 2nd period - Slapshot by Jeff Tambellini.
10:30 of 2nd period - Shot Misses the Net.
10:32 of 2nd period - Snap shot by Jeff Tambellini.
10:32 of 2nd period - Stopped by Mike McKenna without a rebound.
10:33 of 2nd period - Martin Hanzal wins face-off versus Adam Henrique in Tamiflu zone.
10:40 of 2nd period - Wrist shot by Cal Clutterbuck.
10:40 of 2nd period - Shot Blocked by Petr Pohl.
11:00 of 2nd period - Slapshot by Jordan Hendry.
11:00 of 2nd period - Shot Misses the Net.
11:02 of 2nd period - Slapshot by Jonathan Sigalet.
11:02 of 2nd period - Shot Misses the Net.
11:22 of 2nd period - Kris Beech is hit by Greg Mauldin and loses puck.
11:50 of 2nd period - Tim Kennedy is hit by Ben Hanowski and loses puck.
12:18 of 2nd period - Icing by Kevin Klein.
12:19 of 2nd period - Patrick O'Sullivan wins face-off versus Rich Clune in Ice Dragons zone.
12:45 of 2nd period - Backhand shot by Adam Henrique.
12:45 of 2nd period - Stopped by Justin Pogge with a rebound.
12:49 of 2nd period - Snap shot by Petr Pohl.
12:49 of 2nd period - Stopped by Justin Pogge without a rebound.
12:50 of 2nd period - Adam Henrique wins face-off versus Martin Hanzal in Ice Dragons zone.
13:24 of 2nd period - Slapshot by Jordan Hendry.
13:24 of 2nd period - Shot Blocked by Shean Donovan.
13:44 of 2nd period - Slapshot by Jonathan Sigalet.
13:44 of 2nd period - Stopped by Justin Pogge with a rebound.
13:58 of 2nd period - Jordan Hendry is hit by Cal Clutterbuck and loses puck.
14:47 of 2nd period - Snap shot by Alex Picard.
14:47 of 2nd period - Deflect By Greg Mauldin.
14:47 of 2nd period - Goal by Greg Mauldin - Tamiflu : 5 - Ice Dragons : 3.
14:48 of 2nd period - Martin Hanzal wins face-off versus Carson Mcmillan in neutral zone.
14:57 of 2nd period - Wrist shot by Jeff Tambellini.
14:57 of 2nd period - Stopped by Mike McKenna without a rebound.
14:58 of 2nd period - Cal Clutterbuck wins face-off versus Greg Mauldin in Tamiflu zone.
15:09 of 2nd period - Martin Hanzal is hit by Alex Picard and loses puck.
15:16 of 2nd period - Slapshot by Greg Mauldin.
15:16 of 2nd period - Stopped by Justin Pogge without a rebound.
15:17 of 2nd period - Adam Henrique wins face-off versus Kris Beech in Ice Dragons zone.
15:22 of 2nd period - Snap shot by Petr Pohl.
15:22 of 2nd period - Shot Blocked by Kevin Klein.
15:24 of 2nd period - Slapshot by Johan Fransson.
15:24 of 2nd period - Deflect By Kris Beech.
15:24 of 2nd period - Stopped by Justin Pogge with a rebound.
15:26 of 2nd period - Wrist shot by Petr Pohl.
15:26 of 2nd period - Shot Misses the Net.
15:28 of 2nd period - Snap shot by Petr Pohl.
15:28 of 2nd period - Stopped by Justin Pogge without a rebound.
15:29 of 2nd period - Martin Hanzal wins face-off versus Greg Mauldin in Ice Dragons zone.
15:39 of 2nd period - Slapshot by Jonathan Sigalet.
15:39 of 2nd period - Deflect By Greg Mauldin.
15:39 of 2nd period - Shot Misses the Net.
15:39 of 2nd period - Puck is out of play.
15:40 of 2nd period - Martin Hanzal wins face-off versus Greg Mauldin in Ice Dragons zone.
15:40 of 2nd period - Martin Hanzal is hit by Greg Mauldin.
16:06 of 2nd period - Jonathan Sigalet is hit by Boris Valabik and loses puck.
16:29 of 2nd period - Matt Walker is hit by Casey Wellman and loses puck.
17:20 of 2nd period - Matt Walker is hit by Carson Mcmillan and loses puck.
18:20 of 2nd period - Brad Staubitz is hit by Ben Hanowski and loses puck.
18:56 of 2nd period - Wrist shot by Adam Henrique.
18:56 of 2nd period - Stopped by Justin Pogge with a rebound.
19:37 of 2nd period - Boris Valabik is hit by Casey Wellman and loses puck.
Goals for this period are 2 for Tamiflu vs 2 for Ice Dragons.
Shots for this period are 14 for Tamiflu vs 11 for Ice Dragons.

3rd period


0:01 of 3rd period - Greg Mauldin wins face-off versus Martin Hanzal in neutral zone.
0:06 of 3rd period - Slapshot by Jonathan Sigalet.
0:06 of 3rd period - Stopped by Justin Pogge with a rebound.
0:08 of 3rd period - Slapshot by Jonathan Sigalet.
0:08 of 3rd period - Stopped by Justin Pogge without a rebound.
0:09 of 3rd period - Martin Hanzal wins face-off versus Greg Mauldin in Ice Dragons zone.
0:09 of 3rd period - Martin Hanzal is hit by Greg Mauldin.
0:26 of 3rd period - Kevin Klein is hit by Carson Mcmillan and loses puck.
0:44 of 3rd period - Minor Penalty to Cal Clutterbuck for Diving.
0:45 of 3rd period - Niklas Sundstrom wins face-off versus Adam Henrique in Ice Dragons zone.
1:11 of 3rd period - Greg Mauldin is hit by Boris Valabik and loses puck.
1:50 of 3rd period - Nathan Oystrick is hit by Jeff Tambellini and loses puck.
1:56 of 3rd period - Icing by Jonathan Sigalet.
1:57 of 3rd period - Adam Henrique wins face-off versus Tim Kennedy in Tamiflu zone.
2:12 of 3rd period - Shean Donovan is hit by Alex Picard and loses puck.
2:44 of 3rd period - Penalty to Cal Clutterbuck is over, Cal Clutterbuck is back on ice.
2:51 of 3rd period - Snap shot by Jeff Tambellini.
2:51 of 3rd period - Shot Misses the Net.
2:53 of 3rd period - Backhand shot by Cal Clutterbuck.
2:53 of 3rd period - Shot Misses the Net.
3:03 of 3rd period - Tyler Eckford is hit by Nathan Oystrick and loses puck.
3:46 of 3rd period - Snap shot by Rich Clune.
3:46 of 3rd period - Stopped by Justin Pogge with a rebound.
4:16 of 3rd period - Wrist shot by Nigel Dawes.
4:16 of 3rd period - Shot Blocked by Jordan Hendry.
4:23 of 3rd period - Minor Penalty to Shean Donovan for Interference.
4:24 of 3rd period - Greg Mauldin wins face-off versus Niklas Sundstrom in Ice Dragons zone.
4:27 of 3rd period - Slapshot by Jordan Hendry.
4:27 of 3rd period - Goal by Jordan Hendry - Tamiflu : 6 - Ice Dragons : 3.
4:28 of 3rd period - Greg Mauldin wins face-off versus Kris Beech in neutral zone.
4:33 of 3rd period - Wrist shot by Alex Picard.
4:33 of 3rd period - Shot Misses the Net.
4:35 of 3rd period - Snap shot by Greg Mauldin.
4:35 of 3rd period - Goal by Greg Mauldin - Tamiflu : 7 - Ice Dragons : 3.
4:36 of 3rd period - Greg Mauldin wins face-off versus Martin Hanzal in neutral zone.
4:45 of 3rd period - Slapshot by Greg Mauldin.
4:45 of 3rd period - Stopped by Justin Pogge with a rebound.
5:34 of 3rd period - Danny Syvret is hit by Jonathan Sigalet and loses puck.
5:57 of 3rd period - Wrist shot by Ben Hanowski.
5:57 of 3rd period - Stopped by Justin Pogge with a rebound.
6:07 of 3rd period - Slapshot by Greg Mauldin.
6:07 of 3rd period - Goal by Greg Mauldin - Tamiflu : 8 - Ice Dragons : 3.
6:07 of 3rd period - Anders Nilsson enters game.
6:08 of 3rd period - Greg Mauldin wins face-off versus Kris Beech in neutral zone.
6:13 of 3rd period - Johan Fransson is hit by Kris Beech and loses puck.
6:24 of 3rd period - Snap shot by Niklas Sundstrom.
6:24 of 3rd period - Shot Blocked by Nathan Oystrick.
6:30 of 3rd period - Minor Penalty to Carson Mcmillan for Hooking.
6:31 of 3rd period - Kris Beech wins face-off versus Alex Picard in Tamiflu zone.
6:44 of 3rd period - Jordan Hendry is hit by Boris Valabik and loses puck.
7:02 of 3rd period - Off-side.
7:03 of 3rd period - Alex Picard wins face-off versus Martin Hanzal in neutral zone.
8:02 of 3rd period - Martin Hanzal is hit by Petr Pohl and loses puck.
8:24 of 3rd period - Nigel Dawes is hit by Nathan Oystrick and loses puck.
8:30 of 3rd period - Penalty to Carson Mcmillan is over, Carson Mcmillan is back on ice.
8:57 of 3rd period - Boris Valabik is hit by Rich Clune and loses puck.
10:19 of 3rd period - Matt Walker is hit by Casey Wellman.
10:30 of 3rd period - Icing by Cody Goloubef.
10:31 of 3rd period - Adam Henrique wins face-off versus Patrick O'Sullivan in Tamiflu zone.
10:31 of 3rd period - Adam Henrique is hit by Boris Valabik.
10:57 of 3rd period - Greg Mauldin is hit by Kevin Klein and loses puck.
11:52 of 3rd period - Wrist shot by Mike Duco.
11:52 of 3rd period - Stopped by Anders Nilsson with a rebound.
13:09 of 3rd period - Mats Zuccarello is hit by Teemu Laakso and loses puck.
14:25 of 3rd period - Slapshot by Shean Donovan.
14:25 of 3rd period - Shot Blocked by Greg Mauldin.
14:27 of 3rd period - Slapshot by Matt Walker.
14:27 of 3rd period - Stopped by Mike McKenna without a rebound.
14:28 of 3rd period - Greg Mauldin wins face-off versus Kris Beech in Tamiflu zone.
15:01 of 3rd period - Wrist shot by Martin Hanzal.
15:01 of 3rd period - Shot Misses the Net.
15:24 of 3rd period - Minor Penalty to Garrett Wilson for Holding.
15:25 of 3rd period - Martin Hanzal wins face-off versus Alex Picard in Tamiflu zone.
15:26 of 3rd period - Wrist shot by Cal Clutterbuck.
15:26 of 3rd period - Stopped by Mike McKenna without a rebound.
15:27 of 3rd period - Martin Hanzal wins face-off versus Alex Picard in Tamiflu zone.
15:36 of 3rd period - Backhand shot by Cal Clutterbuck.
15:36 of 3rd period - Stopped by Mike McKenna with a rebound.
15:38 of 3rd period - Slapshot by Martin Hanzal.
15:38 of 3rd period - Shot Blocked by Jonathan Sigalet.
15:40 of 3rd period - Slapshot by Mats Zuccarello.
15:40 of 3rd period - Shot Misses the Net.
15:42 of 3rd period - Snap shot by Cal Clutterbuck.
15:42 of 3rd period - Shot Misses the Net.
16:18 of 3rd period - Casey Wellman is hit by Kris Beech and loses puck.
17:15 of 3rd period - Jordan Hendry is hit by Cal Clutterbuck and loses puck.
17:24 of 3rd period - Penalty to Garrett Wilson is over, Garrett Wilson is back on ice.
18:00 of 3rd period - Wrist shot by Marc-Antoine Pouliot.
18:00 of 3rd period - Stopped by Mike McKenna with a rebound.
18:02 of 3rd period - Snap shot by Tim Kennedy.
18:02 of 3rd period - Shot Misses the Net.
18:04 of 3rd period - Slapshot by Jonathan Blum.
18:04 of 3rd period - Shot Misses the Net.
19:06 of 3rd period - Slapshot by Nathan Oystrick.
19:06 of 3rd period - Shot Misses the Net.
19:34 of 3rd period - Alex Picard is hit by Martin Hanzal and loses puck.
Goals for this period are 3 for Tamiflu vs 0 for Ice Dragons.
Shots for this period are 9 for Tamiflu vs 4 for Ice Dragons.


Output by the SimonT Hockey Simulator (STHS) for François Prévost -- Original Page W3C XHTML 1.0 Valid
Hockey Simulator - Hockey Simulation - Hockey Manager